 Dungeon Crawl Stone Soup version 0.27-a0-1065-ge809cff456 (webtiles) character file.

Game seed: 16421610408770696829

94 tardwrangler69 the Shield-Bearer (level 4, -1/37 HPs)
             Began as a Formicid Fighter on Apr 23, 2021.
             Slain by a black bear (2 damage)
             ... on level 3 of the Dungeon.
             The game lasted 00:01:38 (2290 turns).

tardwrangler69 the Shield-Bearer (Formicid Fighter) Turns: 2290, Time: 00:01:39

Health: -1/37      AC:  8    Str: 22    XL:     4   Next: 94%
Magic:  4/4        EV:  8    Int:  7    God:
Gold:   181        SH:  9    Dex: 10    Spells: 3/3 levels left

rFire    . . .     SeeInvis +   a - +0 war axe
rCold    . . .     Faith    .   c - +0 kite shield
rNeg     . . .     Spirit   .   b - +0 scale mail
rPois    .         Reflect  .   (helmet unavailable)
rElec    .         Harm     .   m - +0 cloak
rCorr    .         Rampage  .   (no gloves)
Will     +....                  (no boots)
Stlth    ..........             (no amulet)
HPRegen  0.12/turn              o - ring of willpower
MPRegen  0.09/turn              (no ring)

@: no status effects
A: permanent stasis, dig shafts and tunnels, antennae 3, four strong arms
a: Dig, Shaft Self


You were on level 3 of the Dungeon.
You visited 1 branch of the dungeon, and saw 4 of its levels.

You collected 181 gold pieces.

Inventory:

Hand Weapons
 a - a +0 war axe (weapon)
Armour
 b - a +0 scale mail (worn)
 c - a +0 kite shield (worn)
 m - a +0 cloak (worn)
Jewellery
 o - a ring of willpower (left hand)
Scrolls
 f - a scroll of torment {unknown}
 g - 2 scrolls of fog {unknown}
 j - 2 scrolls of identify {unknown}
 l - a scroll of vulnerability {unknown}
 n - a scroll of fear {unknown}
 p - a scroll of teleportation {unknown}
Potions
 d - 2 potions of might
 e - a potion of mutation {unknown}
 h - a potion of berserk rage {unknown}
 i - a potion of curing {unknown}
 k - a potion of degeneration {unknown}
 q - a potion of resistance {unknown}
 r - a potion of heal wounds {unknown}


   Skills:
 + Level 4.0 Fighting
 * Level 3.6 Axes
 - Level 3.2 Armour
 + Level 4.4 Shields


You had 3 spell levels left.
You didn't know any spells.
Your spell library contained the following spells:

 Spells                   Type           Power      Damage    Failure   Level
 Corona                   Hex            0%         N/A       97%         1
 Slow                     Hex            0%         N/A       99%         2
 Inner Flame              Hex/Fire       0%         N/A       100%        3
 Portal Projectile        Hex/Tloc       0%         N/A       100%        3
 Cause Fear               Hex            0%         N/A       100%        4
 Leda's Liquefaction      Hex/Erth       0%         N/A       100%        4


Dungeon Overview and Level Annotations

Branches:
Dungeon (4/15)
 Temple: D:4-7

Altars:


Innate Abilities, Weirdness & Mutations

You cannot be hasted, slowed, berserked, paralysed or teleported.
You can dig through walls and to a lower floor.
You have a pair of large antennae on your head. (SInv)
Your four strong arms can wield two-handed weapons with a shield.


Message History

The black bear bites you but does no damage.
The black bear barely misses you. You block the black bear's attack.
You slash the black bear!
The black bear is heavily wounded.
You block the black bear's attack.
The black bear claws you but does no damage. x2
You hit the black bear.
The black bear is heavily wounded.
The black bear bites you but does no damage.
The black bear claws you but does no damage. x2
The black bear bites you but does no damage.
You block the black bear's attack.
The black bear claws you but does no damage.
You hit the black bear.
The black bear is severely wounded.
You block the black bear's attack. x2; The black bear barely misses you.
You hit the black bear.
The black bear is severely wounded.
The black bear goes berserk!
The black bear barely misses you. The black bear claws you.
You block the black bear's attack.
You barely miss the black bear.
The black bear is severely wounded.
The black bear bites you. The black bear claws you.
You block the black bear's attack. The black bear bites you.
The black bear claws you but does no damage. x2
You hit the black bear but do no damage.
The black bear is severely wounded.
You block the black bear's attack.
The black bear claws you but does no damage. x2
The black bear bites you. The black bear claws you.
You block the black bear's attack. The black bear bites you!
* * * LOW HITPOINT WARNING * * *
The black bear barely misses you. The black bear completely misses you.
You barely miss the black bear.
The black bear is severely wounded.
The black bear bites you but does no damage.
The black bear closely misses you. The black bear claws you.
* * * LOW HITPOINT WARNING * * *
You block the black bear's attack. The black bear claws you.
You die...

#############
##.....#.....##
##.............##
#...............#
#...............#
#............>..#
#...............#
#...............#
#####........>@.....#
###...##........h....##
....8..##...........##
##.⌠...###..##...####
#..8......#####.#
###...###..#####.#######
....).#.......##.......#
####....#####.##.....###
## #..### #....PP.P.#


You could see a black bear (berserk).

Vanquished Creatures
  A hound (D:2)
  An adder (D:3)
  A worm (D:2)
  A dart slug (D:1)
  4 orcs (D:3)
  4 ball pythons
  8 endoplasms
  A giant cockroach (D:3)
  2 goblins (D:1)
  4 hobgoblins
  4 quokkas
  4 bats
  A frilled lizard (D:1)
  5 kobolds
  4 rats
45 creatures vanquished.

Vanquished Creatures (others)
  3 toadstools (D:3)
3 creatures vanquished.

Grand Total: 48 creatures vanquished

Notes
Turn   | Place    | Note
-------+----------+-------------------------------------------
     0 | D:1      | tardwrangler69 the Formicid Fighter began the quest for the
                  | Orb.
     0 | D:1      | Reached XP level 1. HP: 18/18 MP: 1/1
   269 | D:1      | Reached XP level 2. HP: 24/24 MP: 2/2
   450 | D:1      | Reached XP level 3. HP: 29/29 MP: 3/3
  1045 | D:2      | Reached XP level 4. HP: 37/37 MP: 4/4
  1350 | D:2      | Found a faded altar of an unknown god.
  2279 | D:4      | Noticed a black bear
  2290 | D:3      | HP: 1/37 [black bear (3)]
  2290 | D:3      | Slain by a black bear

Illustrated notes

Levels and vault maps discovered:
D:1:      dpeg_arrival_signposts, layout_loops_ring
D:2:      layout_rooms, chequers_ecumenical_altar_island,
          kennysheep_nondescript, minmay_misc_feat_roman, hangedman_decor_push
D:3:      minmay_spotlight, layout_rooms, hangedman_feature_mirror,
          minmay_gold_behind_fungi
D:4:      layout_loops_corners, enter_ossuary_5, serial_forest,
          infiniplex_forest_clump_curved, infiniplex_forest_straight_1,
          infiniplex_forest_lined_4_way, infiniplex_forest_clump_long,
          infiniplex_forest_side_room, serial_shops, nicolae_shop_behind_doors,
          chequers_arboretum, uniq_sigmund

Skill      XL: |  1  2  3  4 |
---------------+-------------+-----
Shields        | 4 |  4.4
Axes           | 3 |  3.6
Fighting       | 4 |  4.0
Armour         | |  3.2

Action                   |  1- 3 |  4- 6 || total
-------------------------+-------+-------++-------
Melee: War axe           |    56 |    89 ||   145
Armor: Scale mail        |    35 |    54 ||    89
Dodge: Dodged            |    21 |    28 ||    49
Block: Kite shield       |    36 |    55 ||    91

Table legend: (Time is in decaauts)
 A = Elapsed time spent in this place.
 B = Non-inter-level travel time spent in this place.
 C = Inter-level travel time spent in this place.
 D = Time resting spent in this place.
 E = Time spent auto-exploring this place.
 F = Levels seen in this place.
 G = Mean time per level.
                   A        B        C        D        E       F      G
               +--------+--------+--------+--------+--------+-----+--------+
         Total |   2368 |   2253 |    115 |      0 |   1892 |   4 |  592.0 |
       Dungeon |   2368 |   2253 |    115 |      0 |   1892 |   4 |  592.0 |
               +--------+--------+--------+--------+--------+-----+--------+

Top non-repeatable levels by time:
     D:1: 925 daAuts
     D:3: 903 daAuts
     D:2: 538 daAuts
     D:4: 1 daAuts
